 Dungeon Crawl Stone Soup version 0.18-b1-18-g7758cf2 (webtiles) character file.

18 GreamJoe the Charmwright (level 2, 0/22 HPs)
             Began as a Human Skald on May 2, 2016.
             Slain by a ball python (1 damage)
             ... on level 1 of the Dungeon.
             The game lasted 00:07:28 (545 turns).

GreamJoe the Charmwright (Human Skald)               Turns: 545, Time: 00:07:28

Health: 0/22       AC:  3    Str: 12    XL:     2   Next: 90%
Magic:  5/5        EV:  8    Int: 12    God:
Gold:   37         SH:  0    Dex: 12    Spells: 1 memorised, 4 levels left

rFire  . . .     SeeInvis .     a - +0 spear
rCold  . . .     Gourm    .     b - +0 leather armour
rNeg   . . .     Faith    .     (no shield)
rPois  .         Spirit   .     (no helmet)
rElec  .         Dismiss  .     (no cloak)
rCorr  .         Reflect  .     (no gloves)
SustAt .         Harm     .     (no boots)
MR     .....                    (no amulet)
Stlth  +.........               (no ring)
                                (no ring)

@: constricted, not resistant to hostile enchantments, very unstealthy
A: no striking features
a: no special abilities


You were on level 1 of the Dungeon.
You were very full.

You visited 1 branch of the dungeon, and saw 1 of its levels.

You collected 37 gold pieces.

Inventory:

Hand Weapons
 a - a +0 spear (weapon)
 d - a +0 dagger
 g - a +0 hand axe
 j - a +0 hunting sling
Missiles
 k - 17 bolts
 o - 4 tomahawks of dispersal (quivered)
Armour
 b - a +0 leather armour (worn)
 h - a +0 leather armour
Jewellery
 l - an uncursed ring of fire {unknown}
Scrolls
 e - a scroll of enchant weapon {unknown}
 f - a scroll of noise {unknown}
 i - a scroll of recharging {unknown}
 n - a scroll of identify {unknown}
Potions
 m - a potion of curing {unknown}
 q - a potion of agility {unknown}
Books
 c - a book of Battle

   Spells                             Type                      Level
   a - Infusion                       Charms                       1
   b - Shroud of Golubria             Charms/Translocation         2
   c - Song of Slaying                Charms                       2
   d - Spectral Weapon                Hexes/Charms                 3
   e - Regeneration                   Charms/Necromancy            3
Comestibles
 p - 2 fruits


   Skills:
 + Level 2.2 Fighting
 + Level 2.0 Polearms
 + Level 1.1 Armour
 + Level 1.1 Dodging
 + Level 2.2 Spellcasting
 + Level 3.4 Charms


You had 4 spell levels left.
You knew the following spells:

 Your Spells              Type           Power        Failure   Level  Hunger
a - Infusion              Chrm           #...         12%         1    ##.....


Dungeon Overview and Level Annotations

Branches:
Dungeon (1/15)

Altars:


Message History

The ball python bites you but does no damage.
The ball python constricts you. The goblin hits you but does no damage.
The ball python bites you but does no damage.
* * * LOW HITPOINT WARNING * * *
The ball python constricts you.
You escape the ball python's grasp.
The giant gecko bites you but does no damage.
The goblin hits you but does no damage. The giant gecko closely misses you.
You hit the giant gecko.
The giant gecko is heavily wounded.
The ball python completely misses you. The ball python closely misses you.
The giant gecko closely misses you. The ball python misses you.
The ball python grabs you. The ball python constricts you.
You closely miss the giant gecko.
The giant gecko is heavily wounded.
The goblin hits you but does no damage. The giant gecko bites you.
* * * LOW HITPOINT WARNING * * *
The ball python closely misses you.
You die...

#.#..###.#.##....#
###......#.......#.#
##...#####.......#.#
#...##.............#
.## #.###....)....#
###.# ## #.#
#....#....#.....# ###
#.###....##..##.##..#
..#
#..)..#####.g.......#
..# #####.#
#@l.##....# ..#
#.#####.S.......# ..#
#...............# ..#
#########...##### ..#
#...# ..# #...# ###
#...# #...# #...#


You could see a giant gecko, a goblin and a ball python.

Vanquished Creatures
  A dart slug (D:1)
  A giant gecko (D:1)
  4 goblins (D:1)
  A hobgoblin (D:1)
  4 kobolds (D:1)
  2 giant newts (D:1)
  2 rats (D:1)
15 creatures vanquished.

Notes
Turn   | Place    | Note
--------------------------------------------------------------
     0 | D:1      | GreamJoe the Human Skald began the quest for the Orb.
     0 | D:1      | Reached XP level 1. HP: 16/16 MP: 3/3
   147 | D:1      | Reached XP level 2. HP: 19/22 MP: 5/5
   545 | D:1      | HP: 1/22 [giant gecko (5)]
   545 | D:1      | Slain by a ball python

Action                   || total
-------------------------++-------
Melee: Spear             ||    54
 Cast: Infusion          ||     1
  Eat: Fruit             ||     2
       Bread ration      ||     1
Armor: Leather armour    ||    19
Dodge: Dodged            ||    27
